 Dungeon Crawl Stone Soup version 0.15-a0-77-g44c3f01 (webtiles) character file.

16779 4tharraofdagon the Prestidigitator (level 12, -2/66 HPs)
             Began as a High Elf Fire Elementalist on Apr 7, 2014.
             Was a High Priest of Vehumet.
             Killed from afar by a white draconian (34 damage)
             ... with a chilling blast
             ... in an ice cave.
             The game lasted 00:45:43 (4850 turns).

4tharraofdagon the Prestidigitator (HEFE)           Turns: 4850, Time: 00:45:43

HP  -2/66        AC  6     Str  7      XL: 12   Next:  9%
MP  32/32        EV 13     Int 25      God: Vehumet [*****.]
Gold 420         SH 11     Dex 16      Spells:  4 memorised, 16 levels left

rFire  + . .     SeeInvis .     h - staff of energy
rCold  . . .     Clarity  .     z - +0 robe {rF+}
rNeg   + . .     Conserve .     H - +0 buckler
rPois  .         rCorr    .     l - +0 helmet
rElec  .         rRot     .     i - +0 cloak
SustAb . .       Spirit   .     (no gloves)
rMut   .         Warding  .     D - +1 pair of boots
Gourm  +         Stasis   .     y - amulet of the gourmand
MR     +....                    F - ring of positive energy {unknown}
                                x - ring of wizardry

@: very slightly contaminated, hasted, very quick, somewhat resistant to hostile
enchantments, fairly stealthy
A: wild magic 1
a: Renounce Religion


You were in an ice cave.
You worshipped Vehumet.
Vehumet was extremely pleased with you.
You were very full.

You visited 3 branches of the dungeon, and saw 13 of its levels.
You also visited: Ice Cave.

You collected 420 gold pieces.

Inventory:

Hand weapons
 s - a +2,+2 morningstar of holy wrath
Armour
 i - a +0 cloak (worn)
 l - a +0 helmet (worn)
 z - a +0 robe of fire resistance (worn)
 D - a +1 pair of boots (worn)
 H - a +0 buckler (worn)
Magical devices
 g - a wand of magic darts (1)
 v - a wand of frost (8) {unknown}
 E - a wand of confusion (7)
Comestibles
 c - 7 bread rations
 k - a meat ration
 q - a choko
 t - 2 honeycombs
Scrolls
 e - 7 scrolls of remove curse
 j - a scroll of fear
 n - a scroll of enchant weapon II
 p - a scroll of random uselessness
 u - 3 scrolls of amnesia
 G - a scroll of enchant armour
Jewellery
 d - an uncursed amulet of faith {unknown}
 m - an uncursed amulet of rage
 x - a ring of wizardry (left hand)
 y - an amulet of the gourmand (around neck)
 C - an uncursed ring of teleport control
 F - a ring of positive energy (right hand) {unknown}
Potions
 r - a potion of confusion
 w - a potion of might
 A - a potion of berserk rage
 B - a potion of resistance
 I - a potion of curing
Books
 b - a book of Flames

   Spells                             Type                      Level
   *Flame Tongue                      Conjuration/Fire             1
   Throw Flame                        Conjuration/Fire             2
   *Conjure Flame                     Conjuration/Fire             3
   Inner Flame                        Hexes/Fire                   3
   *Sticky Flame                      Conjuration/Fire             4
   *Fireball                          Conjuration/Fire             5
 o - a book of Changes

   Spells                             Type                      Level
   Beastly Appendage                  Transmutation                1
   Sticks to Snakes                   Transmutation                2
   Spider Form                        Transmutation/Poison         3
   Ice Form                           Ice/Transmutation            4
   Blade Hands                        Transmutation                5
Magical staves
 h - an uncursed staff of energy (weapon)


   Skills:
 - Level 2.1 Dodging
 - Level 2.1 Stealth
 - Level 5.0 Shields
 + Level 9.4 Spellcasting
 + Level 9.8 Conjurations
 + Level 9.3 Fire Magic
 * Level 12.7 Evocations


You had 16 spell levels left.
You knew the following spells:

 Your Spells              Type           Power        Failure   Level  Hunger
a - Flame Tongue          Conj/Fire      #####        1%          1    None
b - Conjure Flame         Conj/Fire      ######..     1%          3    None
c - Sticky Flame          Conj/Fire      ######..     1%          4    None
d - Fireball              Conj/Fire      ######....   1%          5    None


Dungeon Overview and Level Annotations

Branches:
Dungeon (10/15)            Temple (1/1) D:4            Lair (2/8) D:10
    Orc: D:9-12

Altars:
Dithmenos
Elyvilon
Fedhas
Nemelex Xobeh
Okawaru
Vehumet
Xom

Portals:
Bailey: D:10

Annotations:
D:3 hurdos' ghost, weakling HOMo
D:6 Sigmund
Lair:1 hurdos' ghost, experienced MiBe
Lair:2 Nergalle


Innate Abilities, Weirdness & Mutations

Your spells are a little harder to cast, but a little more powerful.


Message History

You channel some magical energy.
You feel slightly less full.
Nothing appears to happen.
Nothing appears to happen.
You channel some magical energy.
You feel slightly less full.
The white draconian roars!
The white draconian breathes frost at you.
The chilling blast hits you!
Unknown command.
Unknown command.
Unknown command.
Drink which item? (? for menu, Esc to quit)
Okay, then.
Drink which item? (? for menu, Esc to quit)
You feel yourself speed up.
You are very lightly contaminated with residual magic.
Unknown command.
The white draconian breathes frost at you.
The chilling blast hits you!
Ouch! That really hurt!
You die...

## #Y##
####.Y.# #
#.#U.d.#$: .##
##d#..Y...#
##.# ##.#.d#
#..# #@##.##
##..##
##.#####
#....##
##.#..##
##.....#
#..#...#
#...#..##
#...##.##
##..###..#
#.⌠###..#
#..##
##.####..###.#
#.## #..#
#####..# #%##
#..## ##%..###


You could see a white draconian.

Vanquished Creatures
  A hydra (Lair:2)
  A death yak (IceCv)
  An ice statue (IceCv)
  An oklob plant (Lair:1)
  A hydra zombie (D:10)
  2 komodo dragons
  18 polar bears (IceCv)
  A troll (D:10)
  Prince Ribbit (D:8)
  4 blink frogs (Lair:2)
  A wyvern (D:9)
  Eustachio (D:8)
  22 yaks
  A hippogriff (Lair:1)
  14 wolves (IceCv)
  3 sky beasts
  An ice beast (D:9)
  An orc warrior (D:10)
  A black bear (D:9)
  A phantom (D:10)
  5 ogres
  A crocodile (Lair:2)
  A big kobold (D:7)
  A giant frog (Lair:1)
  2 centaurs
  A giant slug (Lair:2)
  10 killer bees
  2 scorpions
  10 wights
  A goliath beetle (D:7)
  3 hounds
  3 jellies
  A two-headed ogre zombie (D:7)
  An orc priest (D:4)
  6 worker ants
  5 iguanas
  4 orc wizards
  An ogre zombie (D:6)
  4 gnolls (D:8)
  10 adders
  A giant mite (D:3)
  A worm (D:3)
  An inept item mimic (D:8)
  12 white imps (Lair:1)
  An iguana zombie (D:5)
  3 orc zombies
  2 giant eyeballs
  6 giant geckos
  2 oozes (D:3)
  29 orcs
  9 hobgoblins
  7 jackals
  4 quokkas
  2 ball pythons (D:4)
  7 bats
  2 giant cockroaches
  A giant newt (D:3)
  A giant spore (D:7)
  9 goblins
  A jackal skeleton (D:8)
  4 kobolds
  2 orc skeletons
  10 rats
  2 plants
268 creatures vanquished.

Notes
Turn   | Place    | Note
--------------------------------------------------------------
     0 | D:1      | 4tharraofdagon, the High Elf Fire Elementalist, began the quest for the Orb.
     0 | D:1      | Reached XP level 1. HP: 11/11 MP: 4/4
   126 | D:2      | Reached XP level 2. HP: 4/17 MP: 3/6
   356 | D:3      | Reached XP level 3. HP: 21/21 MP: 6/8
   361 | D:3      | Learned a level 3 spell: Conjure Flame
   409 | D:3      | Noticed a scorpion
   420 | D:3      | Noticed hurdos' ghost (weakling HOMo)
   466 | D:2      | Reached skill level 1 in Evocations
   775 | D:2      | Reached XP level 4. HP: 20/27 MP: 8/11
   783 | D:2      | Learned a level 4 spell: Sticky Flame
   799 | D:3      | Found a shimmering altar of Xom.
   993 | D:4      | Reached XP level 5. HP: 31/31 MP: 3/14
  1096 | D:5      | Entered Level 5 of the Dungeon
  1103 | D:6      | Noticed an ogre
  1107 | D:6      | Killed an ogre
  1107 | D:6      | Reached skill level 4 in Fire Magic
  1177 | D:6      | Noticed a giant goldfish
  1183 | D:6      | Noticed a giant goldfish
  1220 | D:6      | Noticed an orc warrior
  1305 | D:7      | Noticed an ogre
  1310 | D:7      | Killed an ogre
  1310 | D:7      | Reached XP level 6. HP: 36/36 MP: 7/17
  1327 | D:7      | Noticed a sky beast
  1334 | D:7      | Killed a sky beast
  1374 | D:7      | Learned a level 5 spell: Fireball
  1436 | D:7      | Reached XP level 7. HP: 28/41 MP: 10/20
  1625 | D:7      | Reached skill level 5 in Evocations
  1831 | D:6      | Reached skill level 5 in Fire Magic
  1857 | D:6      | Noticed Sigmund
  1934 | D:4      | Found a staircase to the Ecumenical Temple.
  1941 | D:4      | Noticed a sky beast
  1944 | Temple   | Entered the Ecumenical Temple
  1951 | Temple   | Became a worshipper of Vehumet
  2261 | D:4      | Reached skill level 6 in Evocations
  2261 | D:4      | Reached XP level 8. HP: 34/46 MP: 12/22
  2542 | D:7      | Reached skill level 5 in Spellcasting
  2542 | D:7      | Reached skill level 5 in Conjurations
  2614 | D:8      | Noticed Eustachio
  2614 | D:8      | Acquired Vehumet's first power
  2614 | D:8      | Offered knowledge of Magic Dart by Vehumet.
  2650 | D:8      | Killed Eustachio
  2650 | D:8      | Reached skill level 7 in Evocations
  2669 | D:8      | Gained mutation: Your spells are a little harder to cast, but a little more powerful. [mutagenic meat]
  2725 | D:8      | Noticed Prince Ribbit
  2733 | D:8      | Killed Prince Ribbit
  2791 | D:8      | Reached XP level 9. HP: 51/51 MP: 14/25
  2835 | D:8      | Paralysed by a giant eyeball for 3 turns
  2930 | D:8      | Reached skill level 8 in Evocations
  3064 | D:9      | Reached skill level 1 in Shields
  3079 | D:9      | Offered knowledge of Sandblast by Vehumet.
  3079 | D:9      | Reached skill level 9 in Evocations
  3294 | D:10     | Entered Level 10 of the Dungeon
  3329 | D:10     | Offered knowledge of Static Discharge by Vehumet.
  3346 | D:10     | Reached XP level 10. HP: 56/56 MP: 22/28
  3443 | D:10     | Found a flagged portal.
  3490 | D:10     | Acquired Vehumet's second power
  3549 | D:10     | Found a staircase to the Lair.
  3559 | D:10     | Reached skill level 10 in Evocations
  3588 | Lair:1   | Entered Level 1 of the Lair of Beasts
  3603 | Lair:1   | Noticed an oklob plant
  3632 | Lair:1   | Found a shadowy altar of Dithmenos.
  3644 | Lair:1   | Killed an oklob plant
  3691 | Lair:1   | Noticed hurdos' ghost (experienced MiBe)
  3725 | Lair:2   | Noticed an eight-headed hydra
  3731 | Lair:2   | Killed an eight-headed hydra
  3742 | Lair:2   | Offered knowledge of Fulminant Prism by Vehumet.
  3865 | Lair:2   | Noticed Nergalle
  3960 | Lair:1   | Found a frozen archway.
  3964 | Lair:1   | Acquired Vehumet's third power
  4006 | IceCv    | Entered an ice cave
  4022 | IceCv    | Reached skill level 11 in Evocations
  4022 | IceCv    | Reached XP level 11. HP: 49/61 MP: 21/29
  4137 | IceCv    | Offered knowledge of Lightning Bolt by Vehumet.
  4288 | IceCv    | Reached skill level 5 in Shields
  4388 | IceCv    | Noticed an ice statue
  4396 | IceCv    | Reached skill level 12 in Evocations
  4419 | IceCv    | Killed an ice statue
  4592 | IceCv    | Noticed a death yak
  4601 | IceCv    | Offered knowledge of Olgreb's Toxic Radiance by Vehumet.
  4615 | IceCv    | Killed a death yak
  4699 | IceCv    | Noticed a white draconian
  4716 | IceCv    | Reached XP level 12. HP: 66/66 MP: 22/32
  4850 | IceCv    | Killed from afar by a white draconian

Action                   |  1- 3 |  4- 6 |  7- 9 | 10-12 || total
-------------------------+-------+-------+-------+-------++-------
Melee: Unarmed           |     6 |       |       |       ||     6
       Staff             |       |       |    11 |    13 ||    24
 Cast: Flame Tongue      |    60 |    50 |   149 |    37 ||   296
       Conjure Flame     |     2 |     6 |    12 |    19 ||    39
       Sticky Flame      |       |     4 |    29 |    21 ||    54
       Fireball          |       |       |    22 |    83 ||   105
Evoke: Staff of energy   |     6 |    26 |    99 |   150 ||   281
       Wand              |       |       |       |     2 ||     2
  Use: Potion            |     1 |     1 |     1 |     5 ||     8
       Scroll            |       |     3 |    12 |     3 ||    18
